 Dungeon Crawl Stone Soup version 0.30.1-3-gfc49f6343a (webtiles) character file.

Game seed: 14305782954479892940

2095949 cdecastro the Conqueror (level 27, 323/323 HPs)
             Began as an Ogre Fighter on July 25, 2023.
             Was the Champion of Zin.
             Escaped with the Orb
             ... and 4 runes!
             The game lasted 05:21:41 (85097 turns).

cdecastro the Conqueror (Ogre Fighter)             Turns: 85097, Time: 05:21:42

Health: 323/323    AC: 27    Str: 25    XL:     27
Magic:  37/37      EV: 31    Int:  9    God:    Zin [******]
Gold:   2315       SH:  0    Dex: 20    Spells: 26/26 levels left

rFire   + + .        B - +3 giant spiked club (holy)
rCold   + . .        (shield currently unavailable)
rNeg    . . .        c - quicksilver dragon scales
rPois   +            N - +2 hat {SInv}
rElec   +            E - +1 cloak of Starlight {*Dazzle EV+4 Stlth--}
rCorr   .            (gloves unavailable)
SInv    +            (boots unavailable)
Will    ++++.        w - amulet of the acrobat Stlth
                     X - ring "Fuyxzeass" {rElec rF+ EV+5 Str-3}
HPRegen 0.73/turn    V - ring "Inoyrr" {Fire rElec rPois Will+ Dex+2}
MPRegen 0.25/turn

%: acrobat, clarity
@: studying 2 skills
A: large, unfitting armour, tough skin 1, hooves 2, iridescent scales 1,
clarity, cold resistance 1, mutation resistance 1, passive freeze, shaggy fur 3
0: Orb of Zot
}: 4/15 runes: barnacled, slimy, silver, gossamer
a: Renounce Religion, Recite, Vitalisation, Imprison, Sanctuary, Donate Gold


You escaped.
You worshipped Zin.
Zin was exalted by your worship.
You visited 14 branches of the dungeon, and saw 58 of its levels.
You visited 1 ziggurat, and saw 8 of its levels.
You also visited: Ossuary, Bailey, Gauntlet and Ice Cave.

You collected 7744 gold pieces.
You spent 1702 gold pieces at shops.
You donated 3727 gold pieces to Zin.

Inventory:

Hand Weapons
 B - a +3 giant spiked club of holy wrath (weapon)
Missiles
 b - 10 boomerangs of dispersal
 d - 121 large rocks (quivered)
 j - 8 silver javelins
 n - 12 silver boomerangs
 o - 55 boomerangs
 v - 2 poisoned darts
 C - 2 throwing nets
 O - 19 javelins
 T - 19 atropa-tipped darts
Armour
 c - quicksilver dragon scales (worn)
 E - the +1 cloak of Starlight (worn) {*Dazzle EV+4 Stlth--}
   (You found it on level 1 of the Tomb of the Ancients)

   *Dazzle:   It may blind those who miss an attack against the wearer in melee
   combat.
   EV:        It affects your evasion (+4).
   Stlth:     It makes you much less stealthy.
 N - a +2 hat of see invisible (worn)
Jewellery
 a - a ring of positive energy
 e - an amulet of faith
 w - an amulet of the acrobat (around neck)
 D - the amulet "Xeujup" {Reflect rF+ SH+5}
   (You found it on level 1 of the Crypt)

   [amulet of reflection]

   It reflects blocked missile attacks.
   rF:        It protects you from fire.
   SH:        It affects your SH (+5).
 M - the ring "Viplid" {rPois rCorr MP+9 Str+4 Stlth-}
   (You found it on level 3 of the Crypt)

   [ring of resist corrosion]

   Str:       It affects your strength (+4).
   rPois:     It protects you from poison.
   MP:        It affects your magic capacity (+9).
   rCorr:     It protects you from acid and corrosion.
   Stlth:     It makes you less stealthy.
 S - a ring of flight
 V - the ring "Inoyrr" (right hand) {Fire rElec rPois Will+ Dex+2}
   (You took it off a yaktaur captain on level 5 of the Vaults)

   [ring of fire]

   It enhances your fire magic.
   Dex:       It affects your dexterity (+2).
   rF:        It protects you from fire.
   rC:        It makes you vulnerable to cold.
   rElec:     It insulates you from electricity.
   rPois:     It protects you from poison.
   Will:      It increases your willpower.
 X - the ring "Fuyxzeass" (left hand) {rElec rF+ EV+5 Str-3}
   (You found it on level 5 of the Pits of Slime)

   [ring of evasion]

   EV:        It affects your evasion (+5).
   Str:       It affects your strength (-3).
   rF:        It protects you from fire.
   rElec:     It insulates you from electricity.
Wands
 f - a wand of quicksilver (10)
 s - a wand of digging (6)
 t - a wand of flame (81)
 y - a wand of mindburst (62)
 G - a wand of iceblast (88)
 Z - a wand of charming (52)
Scrolls
 g - 12 scrolls of magic mapping
 m - 2 scrolls of silence
 p - 7 scrolls of immolation
 u - 2 scrolls of enchant armour
 x - a scroll of poison
 A - 3 scrolls of summoning
 F - 14 scrolls of teleportation
 H - 7 scrolls of fear
 J - 12 scrolls of fog
 K - 4 scrolls of blinking
Potions
 i - 3 potions of heal wounds
 q - 5 potions of berserk rage
 r - 13 potions of brilliance
 z - 2 potions of invisibility
 I - 13 potions of attraction
 L - 4 potions of might
 P - 3 potions of cancellation
 Q - 8 potions of haste
 R - 6 potions of resistance
Miscellaneous
 k - a phantom mirror
 l - a phial of floods


   Skills:
 O Level 27 Fighting
 - Level 22.0 Maces & Flails
 - Level 22.3 Throwing
 + Level 18.9 Armour
 - Level 20.0 Dodging
 - Level 3.0 Shields
 - Level 20.0 Invocations


You had 26 spell levels left.
You didn't know any spells.
Your spell library contained the following spells:

 Spells                   Type           Power      Damage    Failure   Level
 Foxfire                  Conj/Fire      0%         2x1d4     45%         1
 Freeze                   Ice            0%         1d3       45%         1
 Kiss of Death            Conj/Necr      0%         2d5       45%         1
 Magic Dart               Conj           0%         1d3       45%         1
 Sandblast                Erth           0%         2d4       45%         1
 Shock                    Conj/Air       0%         1d3       45%         1
 Slow                     Hex            0%         N/A       45%         1
 Sting                    Tmut/Pois      0%         1d3       45%         1
 Blink                    Tloc           0%         N/A       61%         2
 Call Imp                 Summ           0%         N/A       61%         2
 Cigotuvi's Dreadful Rot  Necr/Pois/Air  0%         N/A       61%         2
 Ensorcelled Hibernation  Hex/Ice        0%         N/A       61%         2
 Lesser Beckoning         Tloc           0%         N/A       61%         2
 Momentum Strike          Conj/Tloc      0%         3d8       61%         2
 Passwall                 Tmut/Erth      0%         N/A       61%         2
 Poisonous Vapours        Pois/Air       0%         N/A       61%         2
 Scorch                   Fire           0%         2d5       61%         2
 Searing Ray              Conj           0%         2d4       61%         2
 Static Discharge         Conj/Air       0%         2-2/arc   61%         2
 Confusing Touch          Hex            0%         N/A       83%         3
 Dazzling Flash           Conj/Hex       0%         N/A       83%         3
 Frozen Ramparts          Ice            0%         1d1       83%         3
 Gell's Gravitas          Tloc           0%         N/A       83%         3
 Hailstorm                Conj/Ice       0%         3d3       83%         3
 Ignite Poison            Fire/Tmut/Pois 0%         N/A       83%         3
 Inner Flame              Hex/Fire       0%         N/A       83%         3
 Mephitic Cloud           Conj/Pois/Air  0%         N/A       83%         3
 Ozocubu's Armour         Ice            0%         N/A       83%         3
 Portal Projectile        Hex/Tloc       0%         N/A       83%         3
 Spider Form              Tmut/Pois      0%         N/A       83%         3
 Stone Arrow              Conj/Erth      0%         3d7       83%         3
 Swiftness                Air            0%         N/A       83%         3
 Teleport Other           Tloc           0%         N/A       83%         3
 Tukima's Dance           Hex            0%         N/A       83%         3
 Vampiric Draining        Necr           0%         2d6       83%         3
 Vhi's Electric Charge    Tloc/Air       0%         N/A       83%         3
 Volatile Blastmotes      Fire/Tloc      0%         2d10      83%         3
 Airstrike                Air            0%         2d(0-16)  99%         4
 Anguish                  Hex/Necr       0%         N/A       99%         4
 Animate Armour           Summ/Erth      0%         N/A       99%         4
 Animate Dead             Necr           0%         N/A       99%         4
 Cause Fear               Hex            0%         N/A       99%         4
 Dispel Undead            Necr           0%         3d6       99%         4
 Flame Wave               Conj/Fire      0%         2d4       99%         4
 Fulminant Prism          Conj/Hex       0%         3d5       99%         4
 Ice Form                 Ice/Tmut       0%         N/A       99%         4
 Leda's Liquefaction      Hex/Erth       0%         N/A       99%         4
 Olgreb's Toxic Radiance  Pois           0%         N/A       99%         4
 Passage of Golubria      Tloc           0%         N/A       99%         4
 Petrify                  Tmut/Erth      0%         N/A       99%         4
 Sticky Flame             Conj/Fire      0%         2d3       99%         4
 Summon Ice Beast         Ice/Summ       0%         N/A       99%         4
 Summon Lightning Spire   Summ/Air       0%         N/A       99%         4
 Agony                    Necr           0%         N/A       100%        5
 Arcjolt                  Conj/Air       0%         1d10      100%        5
 Blade Hands              Tmut           0%         N/A       100%        5
 Borgnjor's Vile Clutch   Necr/Erth      0%         N/A       100%        5
 Fireball                 Conj/Fire      0%         3d3       100%        5
 Freezing Cloud           Conj/Ice/Air   0%         6-21      100%        5
 Irradiate                Conj/Tmut      0%         3d11      100%        5
 Iskenderun's Battlesphe  Conj           0%         2d6       100%        5
 Lee's Rapid Deconstruct  Erth           0%         3d4*      100%        5
 Metabolic Englaciation   Hex/Ice        0%         N/A       100%        5
 Silence                  Hex/Air        0%         N/A       100%        5
 Summon Forest            Summ/Tloc      0%         N/A       100%        5
 Summon Mana Viper        Hex/Summ       0%         N/A       100%        5
 Yara's Violent Unravell  Hex/Tmut       0%         3d3       100%        5
 Conjure Ball Lightning   Conj/Air       0%         3x3d6     100%        6
 Death Channel            Necr           0%         N/A       100%        6
 Dispersal                Tloc           0%         N/A       100%        6
 Eringya's Noxious Bog    Tmut/Pois      0%         N/A       100%        6
 Iron Shot                Conj/Erth      0%         9d1       100%        6
 Plasma Beam              Fire/Air       0%         2x1d11    100%        6
 Simulacrum               Ice/Necr       0%         N/A       100%        6
 Starburst                Conj/Fire      0%         6d3       100%        6
 Statue Form              Tmut/Erth      0%         N/A       100%        6
 Summon Cactus Giant      Summ           0%         N/A       100%        6
 Enfeeble                 Hex            0%         N/A       100%        7
 Haunt                    Necr/Summ      0%         N/A       100%        7
 Monstrous Menagerie      Summ           0%         N/A       100%        7
 Orb of Destruction       Conj           0%         9d5       100%        7
 Ozocubu's Refrigeration  Ice            0%         4d7       100%        7
 Spellforged Servitor     Conj/Summ      0%         N/A       100%        7
 Storm Form               Tmut/Air       0%         N/A       100%        7
 Discord                  Hex            0%         N/A       100%        8
 Ignition                 Fire           0%         3d3       100%        8
 Infestation              Necr           0%         N/A       100%        8
 Maxwell's Capacitive Co  Air            0%         ∞         100%        8
 Polar Vortex             Ice            0%         N/A       100%        9


Dungeon Overview and Level Annotations

Branches:
Dungeon (15/15)            Temple (1/1) D:7            Lair (5/5) D:10
 Shoals (4/4) Lair:3       Spider (4/4) Lair:2        Slime (5/5) Lair:4
    Orc (2/2) D:12            Elf (3/3) Orc:2        Vaults (5/5) D:14
  Crypt (3/3) Vaults:2       Tomb (1/3) Crypt:3      Depths (4/4) D:15
   Hell (visited)             Dis (0/7) Hell            Geh (0/7) Hell
    Coc (0/7) Hell            Tar (0/7) Hell            Zot (5/5) Depths:4
Ossuary (visited)          Bailey (visited)           IceCv (visited)
Gauntlet (visited)

Altars:
Ashenzari
Cheibriados
Dithmenos
Elyvilon
Fedhas
Gozag
Hepliaklqana
Kikubaaqudgha
Makhleb
Nemelex Xobeh
Okawaru
Qazlal
Ru
Sif Muna
Trog
Uskayaw
Vehumet
Wu Jian
Xom
Yredelemnul
Zin
The Shining One
Jiyva

Shops:
D:6 (   D:10 **   D:12 [   D:13 [   Orc:2 :=**   Elf:1 :   Elf:2 (   Shoals:2 :
Vaults:4 [   Vaults:5 !   Depths:2 *?[

Portals:
Hell: Depths:1 Depths:2 Depths:3 Depths:4
Abyss: Depths:3 Depths:4
Pandemonium: Depths:2

Annotations:
Slime:5 Royal Jelly


Innate Abilities, Weirdness & Mutations

You are too large for most types of armour.
You have tough skin. (AC +1)
You have hoof-like feet.
You are partially covered in iridescent scales. (AC +2)
You possess an exceptional clarity of mind.
Your flesh is cold resistant. (rC+)
You are somewhat resistant to further mutation.
A frigid envelope surrounds you and freezes all who hurt you.
Your thick and shaggy fur keeps you warm. (AC +3, rC+)


Message History

The Orb Guardian completely misses you.
You closely miss the Orb Guardian. Your kick misses the Orb Guardian.
The Orb Guardian completely misses you.
You barely miss the Orb Guardian.
You kick the Orb Guardian, but do no damage.
The Orb Guardian hits you.
The Orb Guardian is very cold.
The Orb Guardian is lightly wounded.
You closely miss the Orb Guardian. You kick the Orb Guardian!
The Orb Guardian is lightly wounded.
The Orb Guardian completely misses you.
You thump the Orb Guardian! You kick the Orb Guardian.
The Orb Guardian is moderately wounded.
The Orb Guardian completely misses you.
You barely miss the Orb Guardian.
You kick the Orb Guardian, but do no damage.
The Orb Guardian is moderately wounded.
The Orb Guardian closely misses you.
You impale the Orb Guardian!!
You kick the Orb Guardian, but do no damage.
The Orb Guardian is severely wounded.
The Orb Guardian hits you but does no damage.
The Orb Guardian is very cold.
The Orb Guardian is severely wounded.
You bludgeon the Orb Guardian!! You kick the Orb Guardian.
You kill the Orb Guardian!
Aiming: Dig
Press: ? - help, Shift-Dir - straight line A rock wall.
This square is covered in magical glow.
The rock shatters into small pieces.
Unknown command.
Aiming: Dig
Press: ? - help, Shift-Dir - straight line A rock wall.
This square is covered in magical glow.
The rock shatters into small pieces.
Unknown command.
There is an open door here.
There is a staircase leading out of the dungeon here.
You have escaped!

#.# #..# ##.###.###.##
#.# #..### #...#...#...#
#.# #..#.# #.8.#.8.#.8.#
#.######...#
#...#...#...#
#....)....#
##.###.###.##
#######...# #.# #.# #.#
##...######.###.###.##
##........#...#...#...#
##.##..###.'.@.#.8...8.#
##.###..#
###...#...#...# ##.##
#..# ############# ##.##
#..# #.# #.## #..# #.#
.#######..# #.######
#.........#
#......#########
#..########
###............# #..#
#.##.#######.#


There were no monsters in sight!

Vanquished Creatures
  8 dread liches
  Khufu (Crypt:2)
  3 orbs of fire (Zot:4)
  4 ancient liches
  2 juggernauts (Depths:4)
  2 royal mummies
  The ghost of Nyubb the Impregnable, a veteran MiGl of Hepliaklqana (Crypt:1)
  7 Killer Klowns
  Josephina (Crypt:2)
  3 curse toes
  The ghost of Rolofrus the Executioner, a veteran FoFi of Dithmenos (Crypt:1)
  The ghost of Hali the Executioner, a veteran FoFi of Dithmenos (Crypt:1)
  Geryon (Hell)
  Nikola (Shoals:4)
  12 golden dragons
  A bone dragon (Crypt:3)
  3 electric golems
  15 tentacled monstrosities
  Zenata (Vaults:2)
  The ghost of Zosacw the Slingshot, an adept HaHu of Okawaru (Spider:3)
  A walking crystal tome (Depths:3)
  Mlioglotl (Shoals:3)
  26 Orb Guardians
  4 titans
  4 liches
  Asterion (Vaults:3)
  A walking earthen tome (Depths:1)
  3 deep elf blademasters
  A kraken (Shoals:4)
  2 deep elf master archers (Elf:3)
  3 searing wretches (Depths:4)
  A walking divine tome (Depths:3)
  7 quicksilver dragons
  Murray (Depths:4)
  11 sphinxes
  7 death cobs
  Polyphemus (Shoals:4)
  12 ancient champions
  20 storm dragons
  Agnes (Spider:2)
  Kirke (D:15)
  15 shadow dragons
  5 revenants
  7 tengu reavers
  6 azure jellies
  2 draconian monks
  Donald (Shoals:3)
  A rockslime (Crypt:1)
  A daeva (Zig:5)
  4 draconian knights
  4 emperor scorpions
  14 fire giants
  An iron dragon (Vaults:5)
  7 deep elf sorcerers
  3 draconian scorchers (Zot:2)
  13 frost giants
  A juggernaut zombie (Hell)
  9 reapers
  8 vault wardens
  A shard shrike simulacrum (Hell)
  3 angels
  5 draconian shifters
  2 curse skulls (Crypt:1)
  16 ghouls
  5 deep elf elementalists
  3 quicksilver oozes
  6 ghost moths
  3 draconian stormcallers
  2 draconian annihilators
  An ophan (Zig:5)
  2 orc warlords
  7 broodmothers
  7 ironbound thunderhulks
  22 ironbound preservers
  A caustic shrike skeleton (Crypt:3)
  2 broodmothers (shapeshifter) (Vaults:5)
  20 stone giants
  10 war gargoyles
  6 deep elf demonologists
  11 vampire knights
  18 very ugly things
  A juggernaut skeleton (Hell)
  6 green draconians
  An apis (Zig:5)
  7 deep elf annihilators
  A minotaur (Gauntlet)
  5 black draconians
  8 yellow draconians
  2 bennus (Tomb:1)
  Azrael (Elf:1)
  15 dire elephants
  12 red draconians
  4 eidola
  2 iron golems (Depths:4)
  5 white draconians
  5 purple draconians
  12 spark wasps
  7 deep elf death magi
  7 mummy priests
  11 fire dragons
  19 jiangshi
  3 blizzard demons
  14 ettins
  4 merfolk impalers
  7 entropy weavers
  A great orb of eyes (Crypt:1)
  3 crystal guardians
  7 merfolk javelineers
  17 yaktaur captains
  5 deep elf high priests
  Harold (D:11)
  2 spriggan zombies
  3 spriggan air magi (Depths:3)
  31 vault guards
  5 peacekeepers
  5 hydras
  4 rakshasas
  A stoker (Depths:4)
  3 catoblepae
  16 centaur warriors
  7 ironbound frosthearts
  9 ice dragons
  3 merfolk aquamancers
  An alligator snapping turtle (Shoals:4)
  9 boulder beetles
  7 jorogumos
  2 merfolk avatars
  3 ogre magi
  6 death knights
  5 radroaches
  5 deep troll shamans
  12 two-headed ogres
  29 dancing weapons
  4 spriggan skeletons
  17 death yaks
  12 vampire magi
  3 satyrs
  9 tengu warriors
  2 death scarabs (Gauntlet)
  3 hell hogs
  3 orc high priests
  3 spriggan berserkers (Depths:4)
  7 deep troll earth magi
  14 hell knights
  2 titan zombies
  3 crystal echidnas (Depths:4)
  10 sun demons
  A storm dragon zombie (Hell)
  2 soul eaters
  A spark wasp zombie (Hell)
  21 deep elf knights
  2 titan skeletons
  49 skeletal warriors
  6 iron trolls
  2 sun moths
  A fire crab (Lair:5)
  9 pharaoh ants
  The ghost of hawla the Magician, a novice MeFE (D:6)
  7 skysharks
  14 sea snakes
  67 deep trolls
  10 deep elf archers
  A swamp dragon (Lair:4)
  Lodul (D:11)
  A spectral anaconda (Lair:5)
  7 orb spiders
  7 flayed ghosts
  8 steelbarb worms
  A bunyip skeleton (Hell)
  Pikel (D:8)
  An obsidian statue (Zot:5)
  11 lindwurms
  11 necromancers
  5 orc knights
  A tengu zombie (Hell)
  2 shadow dragon zombies
  10 wizards
  11 ironbound convokers
  4 bog bodies
  26 deep elf zephyrmancers
  3 orange crystal statues (Hell)
  7 wolf spider zombies (Spider:2)
  14 phantasmal warriors
  A sphinx zombie (Hell)
  14 harpies
  13 wolf spiders
  2 fire giant zombies (Hell)
  26 deep elf pyromancers
  A wolf spider (shapeshifter) (Vaults:5)
  41 ugly things
  A shining eye (Crypt:1)
  An oklob plant (Lair:4)
  9 fauns
  14 manticores
  2 orc sorcerers
  9 cyclopes
  9 elephants
  5 merfolk sirens
  35 moths of wrath
  An eye of devastation (shapeshifter) (Zig:4)
  3 centaur zombies (D:13)
  Maurice (D:12)
  9 demonic crawlers
  An apocalypse crab (Zig:4)
  3 black mambas
  7 torpor snails
  3 rust devils
  11 vault sentinels
  A dire elephant zombie (Lair:5)
  A torpor snail (shapeshifter) (Zig:4)
  An orange demon (Depths:2)
  2 naga zombies (Crypt:1)
  Maggie (D:8)
  10 water nymphs
  A guardian serpent (Vaults:1)
  An unseen horror (D:11)
  2 eyes of devastation (Crypt:1)
  A dire elephant skeleton (Crypt:3)
  4 gargoyles
  11 cane toads
  A naga skeleton (Crypt:2)
  2 ice statues (IceCv)
  A minotaur zombie (Crypt:1)
  A death yak zombie (Crypt:3)
  5 rime drakes
  2 kobold demonologists
  27 yaktaurs
  4 freezing wraiths
  8 komodo dragons
  14 guardian mummies
  3 tengu conjurers
  4 redback zombies (Spider:2)
  A bunyip simulacrum (Hell)
  A hydra zombie (Crypt:2)
  2 ice devils
  A polar bear (Lair:2)
  2 hellwings
  A polar bear (shapeshifter) (D:9)
  A merfolk (shapeshifter) (Vaults:5)
  37 merfolk
  15 trolls
  An iron troll skeleton (Crypt:1)
  8 wind drakes
  5 harpy zombies
  12 culicivora zombies
  45 tarantellas
  4 hornets
  24 blink frogs
  10 snapping turtles
  3 ettin zombies
  A harpy skeleton (Crypt:3)
  2 stone giant simulacra
  3 tarantella zombies (Spider:2)
  3 dream sheep (Shoals:3)
  25 jumping spiders
  A spectral black mamba (Gauntlet)
  35 culicivoras
  10 slime creatures
  An ice dragon skeleton (Crypt:2)
  3 shadows (D:10)
  20 water elementals
  8 flying skulls
  60 yaks
  A yak (shapeshifter) (Depths:1)
  4 centaur simulacra
  2 ettin skeletons
  2 vampires
  5 wyverns
  5 air elementals
  10 wraiths
  6 fire elementals
  3 basilisks
  4 ushabtiu
  3 spectral komodo dragons (Gauntlet)
  A chaos spawn (Zig:4)
  4 hogs (D:15)
  Grum (D:8)
  3 vampire mosquitoes
  2 steam dragons
  58 redbacks
  A death yak simulacrum (Lair:5)
  A harpy simulacrum (Crypt:1)
  6 wargs
  A swamp worm (shapeshifter) (Depths:2)
  A faun zombie (Crypt:3)
  14 water moccasins
  A water moccasin (shapeshifter) (Vaults:5)
  A faun skeleton (Crypt:3)
  2 acid dragons
  3 floating eyes
  3 hell hounds (Elf:1)
  A black bear (D:5)
  27 orc warriors
  An ice beast (shapeshifter) (Vaults:5)
  A hornet zombie (D:13)
  5 sky beasts
  8 ice beasts
  3 boggarts (Vaults:1)
  35 ogres
  4 great orb of eyes simulacra (IceCv)
  2 centaurs
  13 wolves
  A black mamba simulacrum (Hell)
  2 lemures (D:7)
  A rime drake zombie (Crypt:2)
  A fire crab zombie (Crypt:1)
  2 slime creature simulacra (IceCv)
  6 kobold brigands
  11 bullfrogs
  8 gnoll sergeants
  7 necrophages
  5 scorpions
  4 glowing shapeshifter simulacra (IceCv)
  3 earth elementals
  A cane toad simulacrum (Lair:5)
  3 wights
  A cyclops skeleton (Crypt:2)
  19 killer bees
  2 electric eels (D:11)
  12 vampire bats
  5 howler monkeys
  7 wolf zombies (Bailey)
  A shapeshifter skeleton (Crypt:2)
  108 jellies
  7 hounds
  4 gnoll boudas
  12 orc priests
  An iron imp (D:7)
  5 iguanas
  Terence (D:2)
  28 orc wizards
  2 sleepcaps
  12 hell rats (Depths:4)
  4 shapeshifter simulacra (IceCv)
  4 mummies
  27 gnolls
  7 adders
  A shadow imp (D:5)
  3 ufetubi
  2 jelly zombies
  A worm (D:4)
  70 orcs
  A bat skeleton (Crypt:1)
  3 endoplasms
  5 giant cockroaches
  5 goblins
  9 hobgoblins
  9 jackals
  16 kobolds
  8 ball pythons
  2 ball python skeletons (Ossuary)
  12 bats
  2 frilled lizards
  A frilled lizard skeleton (Crypt:2)
  A gnoll skeleton (Crypt:3)
  A goblin zombie (D:7)
  4 hobgoblin zombies
  A jackal zombie (Crypt:1)
  A kobold skeleton (D:7)
  2 kobold zombies (Ossuary)
  3 orc skeletons (Ossuary)
  23 orc zombies
  7 rats
  A river rat skeleton (Crypt:3)
  A creeping inferno (Hell)
  7 fire vortices (Hell)
  5 tentacles (Shoals:4)
2666 creatures vanquished.

Vanquished Creatures (collateral kills)
  Rupert (Lair:4)
  An ironbound preserver (Vaults:5)
  3 dire elephants (Lair:5)
  A death yak (Lair:5)
  Sonja (Lair:4)
  An obsidian statue (Lair:5)
  2 necromancers (Lair:5)
  A faun (Shoals:3)
  4 elephants (Lair:5)
  A dire elephant zombie (Lair:5)
  A cane toad (Lair:5)
  A polar bear (Lair:4)
  A spectral elephant (Lair:5)
  4 blink frogs
  7 yaks (Lair:5)
  A death yak simulacrum (Lair:5)
  2 spectral cane toads (Lair:5)
  A water moccasin (Lair:5)
  An elephant skeleton (Lair:5)
  A cane toad simulacrum (Lair:5)
36 creatures vanquished.

Vanquished Creatures (others)
  A lich (Depths:4)
  2 sphinxes (Tomb:1)
  2 fire giants
  An ironbound preserver (Vaults:1)
  A dire elephant (Vaults:3)
  An ironbound thunderhulk (Vaults:3)
  3 great orbs of eyes
  A centaur warrior (Vaults:1)
  3 glowing orange brains
  A deep elf knight (Elf:3)
  2 deep trolls
  A spriggan simulacrum (Crypt:2)
  A fenstrider witch simulacrum (Crypt:2)
  A harpy (Shoals:1)
  A necromancer (Hell)
  2 wizards
  A deep elf zephyrmancer (Elf:2)
  A moth of wrath (Zot:4)
  A smoke demon (Zot:1)
  A vault sentinel (Vaults:3)
  A yaktaur (Vaults:2)
  A tormentor (Depths:4)
  An ice devil (Hell)
  A troll (D:13)
  14 slime creatures
  A ynoxinul (Depths:2)
  2 hogs (D:15)
  An air elemental (Elf:1)
  A floating eye (Depths:3)
  A harpy simulacrum (Crypt:2)
  118 jellies
  A hound (D:6)
  2 orc wizards
  2 gnolls (D:9)
  A steam dragon zombie (Crypt:2)
  11 orcs
  A hobgoblin (D:6)
  2 kobolds (D:6)
  A creeping inferno (Hell)
  2 starspawn tentacles (Shoals:3)
  A tentacle (Shoals:4)
194 creatures vanquished.

Grand Total: 2896 creatures vanquished

Notes
Turn   | Place    | Note
-------+----------+-------------------------------------------
     0 | D:1      | cdecastro the Ogre Fighter began the quest for the Orb.
     0 | D:1      | Reached XP level 1. HP: 24/24 MP: 1/1
   163 | D:1      | Reached XP level 2. HP: 32/32 MP: 2/2
   850 | D:2      | Reached XP level 3. HP: 40/40 MP: 3/3
   880 | D:2      | Identified the +2 robe of Kukhu {rN+}
   944 | D:2      | Noticed Terence
  1059 | D:2      | Found a shimmering blue altar of Sif Muna.
  1072 | D:2      | Killed Terence
  1073 | D:2      | Reached XP level 4. HP: 13/49 MP: 4/4
  1463 | D:3      | Reached skill level 5 in Fighting
  2216 | D:3      | Reached XP level 5. HP: 50/55 MP: 5/5
  2374 | D:4      | Reached skill level 6 in Fighting
  2374 | D:4      | Reached XP level 6. HP: 40/67 MP: 6/6
  2553 | D:4      | Found an ornate altar of the Wu Jian Council.
  2730 | D:3      | Reached skill level 5 in Maces & Flails
  3069 | D:4      | Found a bloodstained altar of Trog.
  3071 | D:4      | Noticed a wizard
  3076 | D:4      | Killed a wizard
  3195 | D:4      | Reached XP level 7. HP: 73/76 MP: 7/7
  3407 | D:5      | Entered Level 5 of the Dungeon
  3437 | D:5      | Reached skill level 7 in Fighting
  3628 | D:5      | Reached XP level 8. HP: 75/88 MP: 8/8
  3700 | D:5      | Reached skill level 8 in Fighting
  4161 | D:5      | Found a hazy altar of Hepliaklqana.
  4209 | D:6      | Noticed hawla's ghost (novice MeFE)
  4209 | D:6      | Found a runed translucent door.
  4423 | D:6      | Found an ancient bone altar of Kikubaaqudgha.
  4432 | D:6      | Reached skill level 9 in Fighting
  4434 | D:6      | Found Biydghem's Weapon Shop.
  4898 | D:7      | Reached XP level 9. HP: 54/100 MP: 9/9
  5115 | D:7      | Found a glowing golden altar of the Shining One.
  5143 | D:7      | Became a worshipper of the Shining One
  5285 | D:7      | Reached skill level 10 in Fighting
  5495 | D:7      | Found a snail-covered altar of Cheibriados.
  5549 | D:7      | Found a staircase to the Ecumenical Temple.
  5560 | D:7      | Noticed a hornet
  5563 | Temple   | Entered the Ecumenical Temple
  5690 | D:7      | Paralysed by a hornet for 1 turns
  5692 | D:7      | Killed a hornet
  6291 | D:8      | Noticed Pikel
  6358 | D:8      | Noticed Maggie
  6366 | D:8      | Killed Maggie
  6367 | D:8      | Reached skill level 10 in Maces & Flails
  6376 | D:8      | Reached skill level 11 in Fighting
  6584 | D:8      | Found a sand-covered staircase.
  6593 | Ossuary  | Entered an ossuary
  6656 | Ossuary  | Reached * piety under the Shining One
  6725 | Ossuary  | Reached skill level 1 in Invocations
  6725 | Ossuary  | Reached XP level 10. HP: 113/113 MP: 9/11
  7062 | D:8      | Noticed Grum
  7111 | D:8      | Found a shimmering altar of Xom.
  7134 | D:8      | Reached ** piety under the Shining One
  7399 | D:8      | Killed Grum
  7545 | D:8      | Killed Pikel
  7546 | D:8      | Reached skill level 12 in Fighting
  8022 | D:9      | Noticed a kobold demonologist
  8034 | D:9      | Killed a kobold demonologist
  8056 | D:9      | Found a flagged portal.
  8065 | Bailey   | Entered a bailey
  8294 | Bailey   | Reached *** piety under the Shining One
  8348 | Bailey   | Noticed a gargoyle
  8356 | Bailey   | Killed a gargoyle
  8357 | Bailey   | Reached XP level 11. HP: 105/126 MP: 14/14
  8569 | Bailey   | Reached **** piety under the Shining One
  8572 | Bailey   | Reached skill level 13 in Fighting
  9557 | D:10     | Entered Level 10 of the Dungeon
  9641 | D:10     | Found Zin's Purification Station.
  9660 | D:10     | Found a glowing silver altar of Zin.
  9693 | D:10     | Noticed a two-headed ogre
  9700 | D:10     | Killed a two-headed ogre
  9765 | D:10     | Reached ***** piety under the Shining One
  9787 | D:10     | Reached skill level 14 in Fighting
  9820 | D:10     | Found a staircase to the Lair.
  9978 | D:10     | Found Birghur's Elemental Accessories.
 10019 | D:10     | You fall into a shaft and drop 1 floor!
 10045 | D:11     | Noticed Harold
 10053 | D:11     | Killed Harold
 10145 | D:11     | Noticed a two-headed ogre
 10154 | D:11     | Killed a two-headed ogre
 10155 | D:11     | Reached XP level 12. HP: 48/140 MP: 15/15
 10323 | D:11     | Found a frozen archway.
 10339 | IceCv    | Entered an ice cave
 10623 | IceCv    | Reached skill level 5 in Invocations
 10787 | IceCv    | Reached skill level 15 in Fighting
 11040 | IceCv    | Got Evowioh's Incunabulum of the Chill
 11522 | IceCv    | Noticed a quicksilver ooze
 11536 | IceCv    | Killed a quicksilver ooze
 12056 | IceCv    | Noticed an azure jelly
 12065 | IceCv    | Killed an azure jelly
 12170 | IceCv    | Found a viscous altar of Jiyva.
 12170 | IceCv    | Noticed an azure jelly
 12189 | IceCv    | Killed an azure jelly
 12432 | IceCv    | Got the Vademecum on the Iceberg
 12436 | IceCv    | Got the ring "Waykhlei" {rC+ Str+5}
 12442 | IceCv    | Got the +4 sling of Baleful Expedience {freeze, rF+ Int+3
                  | SInv}
 12745 | D:11     | Noticed Lodul
 12909 | Lair:1   | Entered Level 1 of the Lair of Beasts
 12993 | D:10     | Reached skill level 16 in Fighting
 13499 | Lair:1   | Reached XP level 13. HP: 136/153 MP: 18/20
 14193 | Lair:2   | Reached skill level 10 in Invocations
 14573 | Lair:2   | Found a hole to the Spider Nest.
 15260 | Lair:3   | Found a staircase to the Shoals.
 15570 | Lair:3   | Reached skill level 17 in Fighting
 16758 | Lair:3   | Reached XP level 14. HP: 107/167 MP: 24/24
 16897 | Lair:3   | Reached skill level 18 in Fighting
 17386 | Lair:4   | Reached ****** piety under the Shining One
 17924 | Lair:4   | Noticed Rupert
 17926 | Lair:4   | Paralysed by Rupert for 4 turns
 17954 | Lair:4   | Identified a +2 giant spiked club of holy wrath (a +0 giant
                  | spiked club blessed by the Shining One)
 17954 | Lair:4   | Received a gift from the Shining One
 17980 | Lair:4   | Killed Rupert
 18026 | Lair:4   | Noticed Sonja
 18031 | Lair:4   | Killed Sonja
 18349 | Lair:4   | Found a staircase to the Slime Pits.
 18349 | Lair:4   | Found a viscous altar of Jiyva.
 18397 | Lair:4   | Noticed Nessos
 18398 | Lair:4   | Nessos changed into Nessos the swamp dragon
 18398 | Lair:4   | Noticed Nessos
 18417 | Lair:4   | Killed Nessos the swamp dragon
 19500 | Lair:5   | Entered Level 5 of the Lair of Beasts
 19992 | Lair:5   | Reached skill level 15 in Maces & Flails
 20376 | Lair:5   | Reached skill level 19 in Fighting
 20509 | Lair:5   | Noticed a dire elephant
 20509 | Lair:5   | Noticed a dire elephant
 20509 | Lair:5   | Noticed a dire elephant
 20509 | Lair:5   | Noticed a dire elephant
 20510 | Lair:5   | Noticed a dire elephant
 20516 | Lair:5   | Killed a dire elephant
 20603 | Lair:5   | Reached XP level 15. HP: 159/180 MP: 25/25
 21305 | Lair:5   | Reached skill level 20 in Fighting
 22148 | Lair:4   | Fell from the grace of the Shining One
 22148 | Lair:4   | Became a worshipper of Jiyva Jiolez the Shapeless
 22381 | D:6      | Killed hawla's ghost
 23241 | D:11     | Noticed Psyche
 23242 | D:11     | Psyche changed into Psyche the warg
 23242 | D:11     | Noticed Psyche
 23249 | D:11     | Killed Psyche the warg
 23315 | D:11     | Reached * piety under Jiyva
 24049 | D:11     | Killed Lodul
 24199 | D:12     | Noticed Maurice
 24209 | D:12     | Killed Maurice
 24264 | D:12     | Reached ** piety under Jiyva
 24582 | D:12     | Found Finueseo's Armour Emporium.
 24661 | D:12     | Reached *** piety under Jiyva
 24782 | D:12     | Found a staircase to the Orcish Mines.
 25102 | D:13     | Gained mutation: You have a small jelly attached to you
                  | that senses nearby items. [Jiyva's grace]
 25102 | D:13     | Gained mutation: You are somewhat resistant to further
                  | mutation. [Jiyva's grace]
 25102 | D:13     | Gained mutation: You are somewhat resistant to both further
                  | mutation and mutation removal. [Jiyva's grace]
 25102 | D:13     | Gained mutation: You are almost entirely resistant to
                  | further mutation and mutation removal. [Jiyva's grace]
 25144 | D:13     | Found Ficie's Armour Boutique.
 25201 | D:13     | Found a gate leading to a gauntlet.
 25220 | Gauntlet | Entered a Gauntlet
 25220 | Gauntlet | Found a transporter.
 25223 | Gauntlet | Found a transporter.
 25239 | Gauntlet | Found a transporter.
 25243 | Gauntlet | Found a transporter.
 25253 | Gauntlet | Found a transporter.
 25271 | Gauntlet | Found a runed translucent door.
 25273 | Gauntlet | Found a transporter.
 25276 | Gauntlet | Found a transporter.
 25280 | Gauntlet | Found a transporter.
 25292 | Gauntlet | Found a runed translucent door.
 25309 | Gauntlet | Found a transporter.
 25317 | Gauntlet | Found a transporter.
 25317 | Gauntlet | Found a transporter.
 25325 | Gauntlet | Reached **** piety under Jiyva
 25325 | Gauntlet | Found a transporter.
 25442 | Gauntlet | Reached skill level 21 in Fighting
 25512 | Gauntlet | Identified the ring of the Doomed God {Str+5 Dex+6}
 25602 | Gauntlet | Identified the +7 plate armour of Nafic {rPois Str+4}
 25838 | D:13     | Reached XP level 16. HP: 192/194 MP: 26/26
 26252 | D:14     | Reached ***** piety under Jiyva
 26260 | D:14     | Found a gate to the Vaults.
 26511 | D:15     | Entered Level 15 of the Dungeon
 26727 | D:15     | Identified the +6 rapier of Quantum Leap {elec, rF++ rCorr
                  | Int+3}
 26926 | D:15     | Found a staircase to the Depths.
 27416 | D:15     | Lost mutation: You are almost entirely resistant to further
                  | mutation and mutation removal. [Jiyva's grace]
 27416 | D:15     | Gained mutation: Your flesh is heat resistant. (rF+)
                  | [Jiyva's grace]
 27416 | D:15     | Gained mutation: Your flesh is very heat resistant. (rF++)
                  | [Jiyva's grace]
 27416 | D:15     | Gained mutation: Your flesh is almost immune to the effects
                  | of heat. (rF+++) [Jiyva's grace]
 27416 | D:15     | Gained mutation: Your movements are slightly less
                  | encumbered by armour. (ER -2) [Jiyva's grace]
 27463 | D:15     | Noticed Kirke
 27474 | D:15     | Killed Kirke
 27741 | Orc:1    | Entered Level 1 of the Orcish Mines
 27950 | Orc:2    | Entered Level 2 of the Orcish Mines
 27962 | Orc:1    | Reached skill level 22 in Fighting
 28633 | Orc:2    | Found Liodghax's Jewellery Shop.
 28637 | Orc:2    | Found Kufilov's General Store.
 28678 | Orc:2    | Found Sumebi's Book Shoppe.
 28686 | Orc:2    | Found Veacsoall's General Store.
 28781 | Orc:2    | Reached ****** piety under Jiyva
 28784 | Orc:2    | Reached skill level 1 in Throwing
 29085 | Orc:2    | Found a staircase to the Elven Halls.
 29449 | Shoals:1 | Entered Level 1 of the Shoals
 29506 | Shoals:1 | Reached XP level 17. HP: 143/208 MP: 27/27
 29761 | Shoals:1 | Lost mutation: Your movements are slightly less encumbered
                  | by armour. (ER -2) [Jiyva's grace]
 29761 | Shoals:1 | Gained mutation: You are partially covered in large bone
                  | plates. (SH +4) [Jiyva's grace]
 29761 | Shoals:1 | Gained mutation: You are mostly covered in large bone
                  | plates. (SH +6) [Jiyva's grace]
 29761 | Shoals:1 | Gained mutation: You are completely covered in large bone
                  | plates. (SH +8) [Jiyva's grace]
 29761 | Shoals:1 | Gained mutation: A frigid envelope surrounds you and
                  | freezes all who hurt you. [Jiyva's grace]
 30237 | Shoals:2 | Found Ysis's Vocational Training.
 30592 | Slime:1  | Entered Level 1 of the Pits of Slime
 30623 | Slime:5  | Entered Level 5 of the Pits of Slime
 30641 | Slime:5  | Noticed an acid blob
 30641 | Slime:5  | Noticed an acid blob
 30641 | Slime:5  | Noticed an acid blob
 30641 | Slime:5  | Noticed an acid blob
 30641 | Slime:5  | Noticed an acid blob
 30642 | Slime:5  | Found a viscous altar of Jiyva.
 30642 | Slime:5  | Noticed an acid blob
 30645 | Slime:5  | Noticed the Royal Jelly
 30646 | Slime:5  | Noticed an acid blob
 30651 | Slime:5  | Identified the ring "Fuyxzeass" {rElec rF+ EV+5 Str-3}
 30654 | Slime:5  | Identified the +4 scimitar of the Extremes {venom, +Blink}
 30655 | Slime:5  | Noticed an acid blob
 30656 | Slime:5  | Found the +1 robe of Vines {NoPotionHeal Regen++++}
 30663 | Slime:5  | Got the Quarto of Assaults and the Coward
 30671 | Slime:5  | Identified the +3 dagger of Moral Flaws {vamp, rElec rF+
                  | Int-2}
 30675 | Slime:5  | Identified the +5 hand axe "Askidahi" {protect, Fly Dex+4}
 30681 | Slime:5  | Identified the +1 robe of Weedave {-Tele rElec rF+ rN+++}
 30684 | Slime:5  | Got a slimy rune of Zot
 30834 | Slime:5  | Noticed an acid blob
 30856 | Slime:5  | Noticed an acid blob
 31187 | Shoals:2 | Reached skill level 5 in Throwing
 31550 | Shoals:3 | Noticed Donald
 31556 | Shoals:3 | Killed Donald
 31606 | Shoals:3 | Noticed Mlioglotl
 31608 | Shoals:3 | Noticed a tentacled starspawn
 31645 | Shoals:3 | Killed Mlioglotl
 31664 | Shoals:3 | Lost mutation: You are completely covered in large bone
                  | plates. (SH +8) [Jiyva's grace]
 31664 | Shoals:3 | Lost mutation: Your flesh is almost immune to the effects
                  | of heat. (rF+++) [Jiyva's grace]
 31664 | Shoals:3 | Lost mutation: Your flesh is very heat resistant. (rF++)
                  | [Jiyva's grace]
 31664 | Shoals:3 | Lost mutation: Your flesh is heat resistant. (rF+) [Jiyva's
                  | grace]
 31664 | Shoals:3 | Lost mutation: You have a small jelly attached to you that
                  | senses nearby items. [Jiyva's grace]
 31664 | Shoals:3 | Gained mutation: Armour fits poorly on your pseudopods.
                  | [Jiyva's grace]
 31664 | Shoals:3 | Gained mutation: Armour fits poorly on your large
                  | pseudopods. [Jiyva's grace]
 31664 | Shoals:3 | Gained mutation: Armour fits poorly on your massive
                  | pseudopods. [Jiyva's grace]
 31664 | Shoals:3 | Gained mutation: You have a beak for a mouth. [Jiyva's
                  | grace]
 31922 | Shoals:4 | Entered Level 4 of the Shoals
 32376 | Shoals:4 | Noticed Nikola
 32388 | Shoals:4 | Killed Nikola
 32548 | Shoals:4 | Reached XP level 18. HP: 218/218 MP: 28/28
 32607 | Shoals:4 | Noticed Polyphemus
 32628 | Shoals:4 | Killed Polyphemus
 32775 | Shoals:4 | Got a barnacled rune of Zot
 33067 | Spider:1 | Entered Level 1 of the Spider Nest
 33135 | Spider:1 | Got the Catalogue of Rallying and Angles
 33231 | Spider:1 | Reached skill level 5 in Dodging
 33820 | Spider:1 | Gained mutation: You possess an exceptional clarity of
                  | mind. [Jiyva's grace]
 33820 | Spider:1 | Gained mutation: Your melee attacks may engulf your foes in
                  | ooze. [Jiyva's grace]
 33820 | Spider:1 | Gained mutation: Your flesh is cold resistant. (rC+)
                  | [Jiyva's grace]
 33820 | Spider:1 | Gained mutation: Your flesh is very cold resistant. (rC++)
                  | [Jiyva's grace]
 34565 | Spider:2 | Noticed Agnes
 34609 | Spider:2 | Killed Agnes
 34989 | Spider:2 | Reached XP level 19. HP: 227/227 MP: 29/29
 35122 | Spider:3 | Found a transporter.
 35127 | Spider:3 | Noticed Zosacw's ghost (adept HaHu)
 35444 | Spider:3 | Noticed Louise
 35457 | Spider:3 | Slimified Louise
 35457 | Spider:3 | Louise changed into Louise the acid blob
 35457 | Spider:3 | Noticed Louise
 35523 | Spider:3 | Found a transporter.
 35703 | Spider:4 | Entered Level 4 of the Spider Nest
 36227 | Spider:4 | Lost mutation: Armour fits poorly on your massive
                  | pseudopods. [Jiyva's grace]
 36227 | Spider:4 | Gained mutation: Your rubbery body absorbs attacks. (AC +1,
                  | EV +1) [Jiyva's grace]
 36227 | Spider:4 | Gained mutation: Your pliable body absorbs attacks. (AC +2,
                  | EV +2) [Jiyva's grace]
 36227 | Spider:4 | Gained mutation: Your gelatinous body deflects attacks. (AC
                  | +3, EV +3) [Jiyva's grace]
 36227 | Spider:4 | Gained mutation: You are partially covered in iridescent
                  | scales. (AC +2) [Jiyva's grace]
 36466 | Spider:4 | Reached skill level 10 in Throwing
 36512 | Spider:4 | Got a gossamer rune of Zot
 37156 | Elf:1    | Entered Level 1 of the Elven Halls
 37244 | Elf:1    | Noticed Azrael
 37256 | Elf:1    | Killed Azrael
 37332 | Elf:1    | Reached skill level 23 in Fighting
 37335 | Elf:1    | Noticed a Hell Sentinel
 37365 | Elf:1    | Found Tir Ropp's Book Emporium.
 37393 | Elf:1    | Identified the +8 sling of Piumaef {flame, rF+ rC+ Will+
                  | SInv Stlth+}
 37489 | Elf:1    | Identified a scroll of acquirement
 37495 | Elf:1    | Paralysed by an air elemental for 1 turns
 37500 | Elf:1    | Acquired 367 gold pieces
 37606 | Elf:1    | Noticed a Brimstone Fiend
 37672 | Elf:1    | Found a runed translucent gate.
 37672 | Elf:1    | Found a runed translucent gate.
 37672 | Elf:1    | Found a runed translucent gate.
 37672 | Elf:1    | Found a runed translucent gate.
 37672 | Elf:1    | Found a runed translucent gate.
 37673 | Elf:1    | Found a runed translucent gate.
 37909 | Elf:1    | Reached XP level 20. HP: 179/231 MP: 30/30
 38133 | Elf:2    | Found Kenih's Antique Weapon Shop.
 38193 | Elf:2    | Found a huge runed translucent gate.
 38193 | Elf:2    | Found a huge runed translucent gate.
 38198 | Elf:2    | Found a huge runed translucent gate.
 38457 | Elf:2    | Found a huge runed translucent gate.
 38458 | Elf:2    | Found a huge runed translucent gate.
 38642 | Depths:1 | Entered Level 1 of the Depths
 39112 | Depths:1 | Reached skill level 24 in Fighting
 39283 | Depths:1 | Found a gateway to Hell.
 39460 | Depths:1 | Found a shadowy altar of Dithmenos.
 39468 | Depths:1 | Lost mutation: You are mostly covered in large bone plates.
                  | (SH +6) [Jiyva's grace]
 39468 | Depths:1 | Lost mutation: Your gelatinous body deflects attacks. (AC
                  | +3, EV +3) [Jiyva's grace]
 39468 | Depths:1 | Lost mutation: Your pliable body absorbs attacks. (AC +2,
                  | EV +2) [Jiyva's grace]
 39468 | Depths:1 | Lost mutation: Your melee attacks may engulf your foes in
                  | ooze. [Jiyva's grace]
 39468 | Depths:1 | Gained mutation: You have large cloven feet. [Jiyva's
                  | grace]
 39468 | Depths:1 | Gained mutation: You have hoof-like feet. [Jiyva's grace]
 39468 | Depths:1 | Gained mutation: You have hooves in place of feet. [Jiyva's
                  | grace]
 39468 | Depths:1 | Gained mutation: Your spells are a little harder to cast,
                  | but a little more powerful. [Jiyva's grace]
 39714 | Depths:1 | Identified the +0 chain mail of Time Monsters {rC+ Slay+2}
 40346 | Depths:2 | Reached skill level 15 in Throwing
 40533 | Depths:2 | Reached XP level 21. HP: 226/254 MP: 31/31
 40658 | Depths:2 | Found the +8 arc blade {discharge, rElec}
 40733 | Depths:2 | Found Faun Ibink's Armour Shoppe.
 40735 | Depths:2 | Found Zoruk's Magic Scroll Emporium.
 40738 | Depths:2 | Found Hebriduj's Assorted Antiques.
 40751 | Depths:2 | Paralysed by a sphinx for 4 turns
 40815 | Depths:2 | Found a one-way gate leading to the halls of Pandemonium.
 41088 | Depths:3 | Noticed a golden dragon
 41106 | Depths:3 | Killed a golden dragon
 41163 | Depths:3 | Reached skill level 25 in Fighting
 41257 | Depths:3 | Lost mutation: You are partially covered in iridescent
                  | scales. (AC +2) [Jiyva's grace]
 41257 | Depths:3 | Lost mutation: Your flesh is very cold resistant. (rC++)
                  | [Jiyva's grace]
 41257 | Depths:3 | Lost mutation: You are somewhat resistant to both further
                  | mutation and mutation removal. [Jiyva's grace]
 41257 | Depths:3 | Lost mutation: You are somewhat resistant to further
                  | mutation. [Jiyva's grace]
 41257 | Depths:3 | Lost mutation: Your rubbery body absorbs attacks. (AC +1,
                  | EV +1) [Jiyva's grace]
 41257 | Depths:3 | Lost mutation: Armour fits poorly on your large pseudopods.
                  | [Jiyva's grace]
 41257 | Depths:3 | Gained mutation: Your rubbery body absorbs attacks. (AC +1,
                  | EV +1) [Jiyva's grace]
 41257 | Depths:3 | Gained mutation: Your pliable body absorbs attacks. (AC +2,
                  | EV +2) [Jiyva's grace]
 41257 | Depths:3 | Gained mutation: Your gelatinous body deflects attacks. (AC
                  | +3, EV +3) [Jiyva's grace]
 41257 | Depths:3 | Gained mutation: You are somewhat resistant to further
                  | mutation. [Jiyva's grace]
 41749 | Depths:3 | Found a one-way gate to the infinite horrors of the Abyss.
 41994 | Depths:4 | Entered Level 4 of the Depths
 41994 | Depths:4 | Noticed a juggernaut
 42014 | Depths:4 | Killed a juggernaut
 42017 | Depths:4 | Found a one-way gateway to a ziggurat.
 42135 | Depths:4 | Found a stormy altar of Qazlal.
 42317 | Depths:4 | Noticed a juggernaut
 42334 | Depths:4 | Killed a juggernaut
 42698 | Depths:4 | Lost mutation: You possess an exceptional clarity of mind.
                  | [Jiyva's grace]
 42698 | Depths:4 | Lost mutation: Your spells are a little harder to cast, but
                  | a little more powerful. [Jiyva's grace]
 42698 | Depths:4 | Lost mutation: Your gelatinous body deflects attacks. (AC
                  | +3, EV +3) [Jiyva's grace]
 42698 | Depths:4 | Lost mutation: Your pliable body absorbs attacks. (AC +2,
                  | EV +2) [Jiyva's grace]
 42698 | Depths:4 | Gained mutation: You have a small jelly attached to you
                  | that senses nearby items. [Jiyva's grace]
 42698 | Depths:4 | Gained mutation: Armour fits poorly on your large
                  | pseudopods. [Jiyva's grace]
 42698 | Depths:4 | Gained mutation: Armour fits poorly on your massive
                  | pseudopods. [Jiyva's grace]
 42698 | Depths:4 | Gained mutation: You are partially covered in iridescent
                  | scales. (AC +2) [Jiyva's grace]
 42883 | Depths:4 | Found a gate to the Realm of Zot.
 43167 | Vaults:1 | Entered Level 1 of the Vaults
 43252 | Vaults:1 | Reached XP level 22. HP: 270/270 MP: 32/32
 43259 | Vaults:1 | Reached skill level 26 in Fighting
 43312 | Vaults:1 | Found the +3 Mad Mage's Maulers {Infuse+∞ VampMP -Cast}
 44016 | Vaults:1 | Identified the ring of Entrepreneurial Spirit {rF+ Will+++
                  | Str-5 Int-2 Slay+5}
 44036 | Vaults:1 | Identified the +2 robe of Benevolence {+Blink Will+
                  | Archmagi}
 44109 | Vaults:1 | Identified the ring "Socrymeb" {rPois rC+ Dex+3}
 44115 | Vaults:1 | Identified the +6 great sword "Moblimiz" {freeze, rElec
                  | rPois rC- Dex+7}
 44695 | Vaults:2 | Noticed Zenata
 44928 | Vaults:2 | Lost mutation: You have a beak for a mouth. [Jiyva's grace]
 44928 | Vaults:2 | Lost mutation: You have hooves in place of feet. [Jiyva's
                  | grace]
 44928 | Vaults:2 | Lost mutation: You are partially covered in large bone
                  | plates. (SH +4) [Jiyva's grace]
 44928 | Vaults:2 | Lost mutation: Your rubbery body absorbs attacks. (AC +1,
                  | EV +1) [Jiyva's grace]
 44928 | Vaults:2 | Lost mutation: Armour fits poorly on your massive
                  | pseudopods. [Jiyva's grace]
 44928 | Vaults:2 | Lost mutation: Armour fits poorly on your large pseudopods.
                  | [Jiyva's grace]
 44928 | Vaults:2 | Gained mutation: Your melee attacks may engulf your foes in
                  | ooze. [Jiyva's grace]
 44928 | Vaults:2 | Gained mutation: You are covered in fur. (AC +1) [Jiyva's
                  | grace]
 44928 | Vaults:2 | Gained mutation: You are covered in thick fur. (AC +2)
                  | [Jiyva's grace]
 44928 | Vaults:2 | Gained mutation: Your thick and shaggy fur keeps you warm.
                  | (AC +3, rC+) [Jiyva's grace]
 44941 | Vaults:2 | Reached skill level 27 in Fighting
 45196 | Vaults:2 | Killed Zenata
 45215 | Vaults:2 | Reached skill level 10 in Dodging
 45302 | Vaults:2 | Reached XP level 23. HP: 260/283 MP: 33/33
 45505 | Vaults:2 | Found a staircase to the Crypt.
 45783 | Vaults:3 | Noticed Asterion
 45797 | Vaults:3 | Killed Asterion
 46222 | Vaults:3 | Noticed Saint Roka
 46233 | Vaults:3 | Slimified Saint Roka
 46233 | Vaults:3 | Saint Roka changed into Saint Roka the acid blob
 46233 | Vaults:3 | Noticed Saint Roka
 46670 | Vaults:4 | Lost mutation: You have a small jelly attached to you that
                  | senses nearby items. [Jiyva's grace]
 46670 | Vaults:4 | Gained mutation: You possess an exceptional clarity of
                  | mind. [Jiyva's grace]
 46670 | Vaults:4 | Gained mutation: Your rubbery body absorbs attacks. (AC +1,
                  | EV +1) [Jiyva's grace]
 46670 | Vaults:4 | Gained mutation: Your pliable body absorbs attacks. (AC +2,
                  | EV +2) [Jiyva's grace]
 46670 | Vaults:4 | Gained mutation: Your gelatinous body deflects attacks. (AC
                  | +3, EV +3) [Jiyva's grace]
 47131 | Vaults:4 | Found Quroasse's Armour Shoppe.
 48430 | Spider:3 | Killed Zosacw's ghost
 48786 | D:10     | Fell from the grace of Jiyva
 48786 | D:10     | Became a worshipper of Zin the Law-Giver
 48786 | D:10     | Reached * piety under Zin
 48786 | D:10     | Reached ** piety under Zin
 48787 | D:10     | Donated 2352 gold pieces to Zin
 48813 | D:11     | Reached *** piety under Zin
 48957 | Vaults:2 | Reached **** piety under Zin
 49044 | Crypt:1  | Entered Level 1 of the Crypt
 49053 | Crypt:1  | Reached ***** piety under Zin
 49056 | Crypt:1  | Reached skill level 15 in Dodging
 49066 | Crypt:1  | Reached skill level 1 in Armour
 49463 | Crypt:1  | Lost mutation: Armour fits poorly on your pseudopods. [the
                  | all-consuming vengeance of Jiyva]
 49465 | Crypt:1  | Donated 1176 gold pieces to Zin
 49542 | Crypt:1  | Reached ****** piety under Zin
 49669 | Crypt:1  | Reached XP level 24. HP: 247/295 MP: 33/33
 49798 | Crypt:1  | Found a runed translucent gate.
 49801 | Crypt:1  | Found a runed translucent gate.
 49802 | Crypt:1  | Found a runed translucent gate.
 49803 | Crypt:1  | Noticed Nyubb's ghost (veteran MiGl)
 49803 | Crypt:1  | Noticed Hali's ghost (veteran FoFi)
 49814 | Crypt:1  | Noticed Rolofrus's ghost (veteran FoFi)
 49841 | Crypt:1  | Lost mutation: Your gelatinous body deflects attacks. (AC
                  | +3, EV +3) [the all-consuming vengeance of Jiyva]
 49966 | Crypt:1  | Reached skill level 5 in Armour
 50584 | Crypt:1  | Lost mutation: Your pliable body absorbs attacks. (AC +2,
                  | EV +2) [the all-consuming vengeance of Jiyva]
 50588 | Crypt:1  | Paralysed by a floating eye for 2 turns
 51016 | Crypt:2  | Identified the ring of Minteen {Ice Will++ Int+3}
 51016 | Crypt:2  | Noticed Josephina
 51622 | Crypt:2  | Noticed Khufu
 51623 | Crypt:2  | Noticed a royal mummy
 53018 | Crypt:2  | Killed Josephina
 53071 | Crypt:2  | Lost mutation: Your melee attacks may engulf your foes in
                  | ooze. [the all-consuming vengeance of Jiyva]
 53172 | Crypt:2  | Killed Khufu
 53349 | Crypt:1  | Lost mutation: Your rubbery body absorbs attacks. (AC +1,
                  | EV +1) [the all-consuming vengeance of Jiyva]
 54647 | Crypt:2  | Killed a royal mummy
 55002 | Crypt:3  | Entered Level 3 of the Crypt
 55079 | Crypt:3  | Found an ancient bone altar of Kikubaaqudgha.
 55149 | Crypt:3  | Reached skill level 10 in Armour
 55241 | Crypt:3  | Found a staircase to the Tomb.
 56130 | Crypt:3  | Was forgiven by Jiyva
 57082 | Crypt:3  | Reached XP level 25. HP: 271/285 MP: 33/33
 57306 | Crypt:3  | Found a basalt altar of Yredelemnul.
 57314 | Crypt:3  | Found an ancient bone altar of Kikubaaqudgha.
 57538 | Crypt:3  | Identified the +3 chain mail of Ru's Generosity {Int+2
                  | SInv}
 57572 | Crypt:3  | Identified the staff of death "Woetzero" {rN+ Dex+4}
 57576 | Crypt:3  | Identified the ring "Viplid" {rPois rCorr MP+9 Str+4
                  | Stlth-}
 57654 | Crypt:3  | Noticed a royal mummy
 58356 | Crypt:3  | Killed a royal mummy
 58981 | Elf:3    | Entered Level 3 of the Elven Halls
 59147 | Elf:3    | Paralysed by an air elemental for 1 turns
 60137 | Elf:3    | Identified the +6 long sword "cdecastro's Bane" {vamp,
                  | Str+6 SInv}
 60512 | Elf:3    | Identified the +5 rapier of Purpose {freeze, *Rage rCorr
                  | Stlth+}
 60519 | Elf:3    | Identified the +2 halberd of Mana {antimagic, *Slow Dex+4}
 60541 | Elf:3    | Identified the +7 hand axe of Gehenna {heavy, *Noise Int+3
                  | Dex+8}
 60729 | Elf:3    | Got the Atlas of Soot
 60737 | Elf:3    | Identified the staff of conjuration "Noecufuc" {rElec rN+
                  | Dex+2}
 61165 | Tomb:1   | Entered Level 1 of the Tomb of the Ancients
 61522 | Tomb:1   | Found the +1 cloak of Starlight {*Dazzle EV+4 Stlth--}
 62427 | Vaults:5 | Entered Level 5 of the Vaults
 62580 | Vaults:5 | Reached skill level 15 in Armour
 63622 | Vaults:5 | Reached XP level 26. HP: 287/314 MP: 34/34
 63958 | Vaults:5 | Reached skill level 15 in Invocations
 64329 | Vaults:5 | Found the +6 shillelagh "Devastator" {shatter}
 64336 | Vaults:5 | Identified the staff of cold "Ogiefu" {rF- rC+ Dex+8}
 64545 | Vaults:5 | Identified the ring "Inoyrr" {Fire rElec rPois Will+ Dex+2}
 65064 | Vaults:5 | Identified the +7 sling "Vaqagaawka" {freeze, rPois Int+2}
 65303 | Vaults:5 | Noticed a dread lich
 65313 | Vaults:5 | Killed a dread lich
 65723 | Vaults:5 | Got a silver rune of Zot
 65766 | Vaults:5 | Found Biqumm's Distillery.
 65771 | Vaults:5 | Bought a potion of heal wounds for 90 gold pieces
 65771 | Vaults:5 | Bought a potion of heal wounds for 90 gold pieces
 65914 | Vaults:5 | Identified the +0 scale mail "Avveet" {rElec}
 66602 | Zot:1    | Entered Level 1 of the Realm of Zot
 69004 | Shoals:2 | Bought a manual of Invocations for 1440 gold pieces
 69386 | Depths:2 | Bought a scroll of enchant armour for 82 gold pieces
 70463 | Zot:2    | Noticed a Killer Klown
 70474 | Zot:2    | Killed a Killer Klown
 70906 | Zot:2    | Reached XP level 27. HP: 289/311 MP: 37/37
 74739 | Zot:4    | Noticed a dread lich
 74743 | Zot:4    | Killed a dread lich
 74843 | Zot:4    | Identified the staff of earth "Jiuvoge" {rPois Str+2 Int-4
                  | Stlth+}
 74991 | Zot:5    | Entered Level 5 of the Realm of Zot
 75572 | Zot:4    | Paralysed by a floating eye for 4 turns
 75798 | Zot:5    | Noticed a dread lich
 75815 | Zot:5    | Killed a dread lich
 75821 | Zot:5    | Noticed an orb of fire
 75835 | Zot:4    | Killed an orb of fire
 75841 | Zot:5    | Noticed an ancient lich
 75841 | Zot:5    | Noticed a dread lich
 75841 | Zot:5    | Noticed an orb of fire
 75841 | Zot:5    | Noticed an orb of fire
 76018 | Zot:4    | Killed an orb of fire
 76367 | Zot:4    | Killed an orb of fire
 76595 | Zot:5    | Noticed a dread lich
 76599 | Zot:4    | Killed a dread lich
 76608 | Zot:4    | Killed an ancient lich
 76614 | Zot:5    | Noticed an ancient lich
 76616 | Zot:5    | Killed a dread lich
 76630 | Zot:4    | Killed an ancient lich
 76917 | Zot:5    | Noticed a dread lich
 76978 | Zot:4    | Killed a dread lich
 77010 | Zot:5    | Noticed a dread lich
 77015 | Zot:5    | Killed a dread lich
 77037 | Zot:5    | Noticed a dread lich
 77048 | Zot:4    | Killed a dread lich
 77166 | Zot:5    | Noticed an ancient lich
 77180 | Zot:5    | Killed an ancient lich
 78356 | Crypt:1  | Killed Hali's ghost
 78370 | Crypt:1  | Killed Rolofrus's ghost
 78386 | Crypt:1  | Killed Nyubb's ghost
 78762 | Crypt:1  | Identified the amulet "Xeujup" {Reflect rF+ SH+5}
 79104 | Zig:1    | Entered Level 1 of a ziggurat
 79125 | Zig:2    | Entered Level 2 of a ziggurat
 79163 | Zig:2    | Identified the +0 chain mail of the Equinox {+Blink rPois
                  | rC+ Str-4}
 79166 | Zig:3    | Entered Level 3 of a ziggurat
 79271 | Zig:4    | Entered Level 4 of a ziggurat
 79388 | Zig:5    | Entered Level 5 of a ziggurat
 79597 | Zig:6    | Entered Level 6 of a ziggurat
 79709 | Zig:6    | Got Juofaycw's Atlas of Sizzling Wicked Spells
 79719 | Zig:7    | Entered Level 7 of a ziggurat
 79806 | Zig:7    | Identified the +5 morningstar of the Fox {elec, Fly rElec
                  | rCorr}
 79809 | Zig:7    | Identified the +1 mace "Hus Hei" {flame, rF+ Int+4 Dex+3}
 79816 | Zig:8    | Entered Level 8 of a ziggurat
 79923 | Zig:8    | Identified the +9 trident of Wicked Blind Justice {heavy,
                  | rC+}
 79930 | Zig:8    | Got the Anthology of Xenomorphic Rallying
 80007 | Hell     | Entered the Vestibule of Hell
 80007 | Hell     | Noticed Geryon
 80038 | Hell     | Noticed Murray
 80273 | Hell     | Noticed an ancient lich
 80330 | Depths:4 | Killed an ancient lich
 80573 | Depths:4 | Killed Murray
 83447 | Hell     | Killed Geryon
 84082 | Hell     | Found a gateway to the Iron City of Dis.
 84186 | Hell     | Found a gateway to the ashen valley of Gehenna.
 84213 | Hell     | Found a gateway to the decaying netherworld of Tartarus.
 84241 | Hell     | Found a gateway to the freezing wastes of Cocytus.
 84564 | Zot:5    | Got the Orb of Zot
 84667 | Zot:1    | Noticed Kiol Xous the pandemonium lord
 84773 | Depths:1 | Noticed a seraph
 85012 | D:5      | Noticed a seraph
 85097 | D:$      | Escaped with the Orb!

Illustrated notes

Levels and vault maps discovered:
D:1:      minmay_arrival_nine_rooms, layout_loops_ring
D:2:      layout_rooms, basic_altar, uniq_terence
D:3:      layout_rooms, grunt_ministairs_4
D:4:      layout_cave_pools, lemuel_coloured_pillars_altar, trog_wizard,
          kennysheep_generic_room_3
D:5:      layout_basic, mainiacjoe_overflow_alcove_2
D:6:      kennysheep_housing_project, layout_cave_pools,
          kiku_gazebo_pond_becter, serial_shops, shop, gammafunk_ghost_grave
D:7:      layout_loops_cross, mainiacjoe_overflow_small_starburst,
          nicolae_tso_besieged_by_evil, minmay_temple_entry_purple_smoke,
          hangedman_minor_gate_pass
D:8:      layout_cave_pools, xom_butterflies, nicolae_ossuary_entry_monument,
          uniq_pikel, uniq_grum, uniq_maggie
D:9:      minmay_evil_eye, layout_loops_ring, enter_bailey_4,
          nicolae_fountain_basement
D:10:     layout_loops_ring, zin_purify, hellmonk_lair_entry_icy,
          nicolae_elemental_shop, kennysheep_kite_vault
D:11:     dragon1_lemuel, layout_gridville, portal_ice_cave_rime, uniq_harold,
          uniq_psyche, uniq_lodul
D:12:     layout_gridville, kennysheep_orc_monster_closet_entryway,
          serial_shops, shop, uniq_maurice
D:13:     layout_roguey, gauntlet_entry_generic, serial_shops, shop,
          serial_undead, serial_undead_b, serial_undead_e, serial_undead_b,
          serial_undead_e
D:14:     layout_gridville, erik_vaults_1
D:15:     grunt_enter_depths_snipers, layout_basic, roderic_lattice_a,
          amethyst_killhole, serial_bayou_pond_d, uniq_kirke
Temple:   nicolae_temple_great_sept
Lair:1:   layout_chaotic_city, chequers_serial_rivers_micro_c,
          dreamdust_mushroom_princess, chequers_serial_rivers_large_a,
          grunt_megastairs_4
Lair:2:   layout_roguey, nicolae_spider_entry_tight_spaces,
          infiniplex_staircase_pool
Lair:3:   layout_gridlike, minmay_shoals_entry_beasts
Lair:4:   layout_loops_ring, slime_entry_1, roderic_batcave,
          nicolae_quartered_pool_impasse, lemuel_fruit_tree, uniq_sonja,
          uniq_nessos, uniq_rupert
Lair:5:   due_jungle_book, layout_cave_pods, chequers_serial_rivers_micro_e
Shoals:1: layout_shoals
Shoals:2: layout_shoals, nicolae_shop_vocational
Shoals:3: layout_shoals, nicolae_shoals_sun_and_surf, uniq_mlioglotl,
          uniq_donald
Shoals:4: shoals_end_hangedman, layout_shoals, uniq_polyphemus, uniq_nikola
Spider:1: layout_cave_pods
Spider:2: lemuel_spider_zombies, nicolae_spider_moth_buddies, uniq_agnes
Spider:3: layout_spider_delve, gammafunk_ghost_arena, nicolae_spider_shape,
          uniq_louise
Spider:4: hellmonk_spider_rune_endless_swarm
Slime:1:  layout_caves
Slime:2:  layout_caves
Slime:3:  layout_caves
Slime:4:  layout_caves
Slime:5
Orc:1:    layout_caves, basic_altar
Orc:2:    st_orc_open, layout_caves, basic_altar
Elf:1:    minmay_elf_arrival_plus, layout_gridlike, serial_shops,
          nicolae_shop_tiny_glass, orc_legates, uniq_azrael
Elf:2:    elven_hall_of_blades_hangedman_alternative
          [nicolae_vaults_blade_armed_guards], layout_loops_cross, serial_shops,
          shop
Elf:3:    elf_hall, layout_rooms
Vaults:1: nicolae_vaults_wrenched, vaults_room_ringed_pool, v_misc_10,
          vaults_dpeg_ring, st_greater_box_4, ontoclasm_vaults_idyll,
          ontoclasm_vaults_eye, v_misc_19, nicolae_vaults_sesquioval_fish,
          hangedman_vaults_variations, vaults_mumra_hexcomb,
          ontoclasm_vaults_twist, vaults_room_pool,
          nicolae_vaults_storage_room_water, layout_vaults_maze_snakey
Vaults:2: hangedman_vaults_river_flow, ontoclasm_vaults_fault,
          minmay_crypt_entry_simple_box, grunt_vaults_funnel,
          nicolae_vaults_little_guard_posts,
          nicolae_vaults_trapezoid_lopsided_3, vaults_room_stairs_pillars,
          vaults_room_boxed, nicolae_vaults_tetromino_T_2,
          layout_vaults_omnicross, uniq_zenata
Vaults:3: nicolae_vaults_variable_pillar_hall, vaults_dpeg_emergency_exit,
          ontoclasm_vaults_bender, nicolae_vaults_little_squares_5,
          nicolae_vaults_offset_grid_hallway_4, v_misc_22, vaults_mumra_lcd,
          ontoclasm_vaults_gateway, vaults_room_stairs_pillars,
          nicolae_vaults_storage_room_glass, hangedman_vaults_slice,
          layout_vaults_ring, uniq_asterion, uniq_saint_roka
Vaults:4: nicolae_vaults_shelves_hall, ontoclasm_vaults_chip,
          nicolae_vaults_trapezoid_lopsided_1, v_rooms_6,
          nicolae_vaults_wine_cellar, nicolae_vaults_taking_the_gang_shopping,
          v_misc_28, nicolae_vaults_network_square,
          nicolae_vaults_circle_grid_b, nicolae_vaults_murderbox,
          nicolae_vaults_trapezoid_1, nicolae_vaults_tetromino_L_1,
          nicolae_vaults_tetromino_L_1, layout_vaults_big_room
Vaults:5: serial_shops
Crypt:1:  layout_catacombs, gammafunk_ghost_cemetery, uniq_margery
Crypt:2:  layout_regular_city, roderic_lattice_octagonal_star, uniq_josephina,
          uniq_khufu
Crypt:3:  lightli_unholy_cathedral, layout_chaotic_city,
          tomb_entry_sphere_bobbens, basic_altar
Tomb:1
Depths:1: layout_gridlike, grunt_decor_mini_mirrors, hangedman_geh_valley,
          serial_sigils_hangedman_gnaw, nicolae_dithmenos_the_darkroom,
          serial_bayou_shore_b, grunt_megastairs_3, firewood_loft
Depths:2: minmay_shoctagon, layout_gridlike, rand_demon_pan_entry_7, hell_entry,
          hangedman_decor_peaks_small, grunt_ministairs_5, minmay_shop_star
Depths:3: nzn_winding_woodlands_medium [nzn_winding_woodlands_5x5_open_star,
          nzn_winding_woodlands_5x15_pathside_ponds,
          nzn_winding_woodlands_5x5_default,
          nzn_winding_woodlands_5x5_perimeter,
          nzn_winding_woodlands_center_garden, nzn_winding_woodlands_hourglass,
          nzn_winding_woodlands_5x5_default,
          nzn_winding_woodlands_5x15_sidewinder,
          nzn_winding_woodlands_5x5_closed_star], layout_gridville, hell_entry,
          minmay_misc_feat_columns, hangedman_abyss_entry_splay
Depths:4: grunt_zot_entry_hairpin, layout_cave_shapes, enter_ziggurat_f,
          hangedman_coc_ice_floe, abyss_entry, nicolae_qazlal_general_emergency,
          minmay_three_doors
Hell
Zot:1:    layout_gridlike
Zot:2:    kennysheep_bubbly, layout_gridlike, uniq_grunn
Zot:3:    layout_gridlike, st_small_dragon_hoard_5
Zot:4:    hellmonk_paralyzer, layout_cathedral_of_symmetry
Zot:5:    layout_onion

Skill      XL: |  1  2  3  4  5  6  7  8  9 10 11 12 13 14 15 16 17 18 19 20 21 22 23 24 25 26 27 |
---------------+----------------------------------------------------------------------------------+-----
Maces & Flails | 2 3 4 5 6 8 10 11 13 15 17 19 20 22 | 22.0
Fighting       | 5 6 7 9 11 12 14 16 17 19 21 22 23 24 25 27 | 27.0
Invocations    | 1 4 9 13 14 20 | 20.0
Throwing       | 2 7 12 15 18 20 22 | 22.3
Dodging        | 8 9 10 15 20 | 20.0
Armour         | 3 12 15 18 | 18.9
Shields        | |  3.0

Action                     |  1- 3 |  4- 6 |  7- 9 | 10-12 | 13-15 | 16-18 | 19-21 | 22-24 | 25-27 || total
---------------------------+-------+-------+-------+-------+-------+-------+-------+-------+-------++-------
  Melee: Dagger            |    81 |   112 |       |       |       |       |       |       |       ||   193
         Flail             |     7 |    71 |   167 |       |       |       |       |       |       ||   245
         Morningstar       |       |       |   120 |   530 |   614 |       |       |       |       ||  1264
         Giant spiked club |       |       |       |       |   308 |  1201 |  1227 |  1553 |  2116 ||  6405
         Pseudopods        |       |       |       |       |       |   132 |   337 |   295 |       ||   764
         Peck              |       |       |       |       |       |   125 |   360 |   122 |       ||   607
         Kick              |       |       |       |       |       |       |   248 |   732 |  1077 ||  2057
   Fire: Sling             |       |       |       |       |    17 |       |       |       |       ||    17
  Throw: Dart              |       |       |       |       |     3 |       |       |       |       ||     3
         Boomerang         |       |       |       |       |     2 |    37 |     4 |     8 |    28 ||    79
         Large rock        |       |       |       |       |       |       |       |       |   115 ||   115
         Javelin           |       |       |       |       |       |       |       |       |     4 ||     4
 Invoke: Divine Shield     |       |       |       |     1 |       |       |       |       |       ||     1
         Summon Divine War |       |       |       |       |     3 |       |       |       |       ||     3
         Brand Weapon With |       |       |       |       |     1 |       |       |       |       ||     1
         Oozemancy         |       |       |       |       |       |     2 |     4 |     1 |       ||     7
         Slimify           |       |       |       |       |       |       |     1 |     1 |       ||     2
         Donate Gold       |       |       |       |       |       |       |       |     2 |       ||     2
         Recite            |       |       |       |       |       |       |       |       |    17 ||    17
  Evoke: Wand              |       |       |     8 |     5 |     7 |     9 |     1 |       |    16 ||    46
         Phantom mirror    |       |       |       |     1 |     1 |     1 |       |       |       ||     3
    Use: Scroll            |       |       |     4 |     4 |    20 |     7 |     4 |     8 |    14 ||    61
         Potion            |       |       |     3 |     4 |     4 |     5 |       |     5 |    16 ||    37
   Stab: Sleeping          |       |     1 |       |       |       |     1 |     1 |     5 |       ||     8
         Invisible         |       |       |       |       |     1 |     3 |       |       |    74 ||    78
         Distracted        |       |       |       |       |       |     2 |     1 |     3 |     1 ||     7
         Petrified         |       |       |       |       |       |     1 |       |       |       ||     1
         Confused          |       |       |       |       |       |       |       |       |    22 ||    22
         Paralysed         |       |       |       |       |       |       |       |       |     1 ||     1
 Armour: Robe              |    32 |    49 |   120 |    26 |       |   126 |   250 |   186 |       ||   789
         Steam dragon scal |       |       |       |   203 |       |       |       |       |       ||   203
         Skin              |       |       |       |    23 |       |       |       |       |       ||    23
         Ice dragon scales |       |       |       |    11 |   466 |   217 |       |       |       ||   694
         Troll leather arm |       |       |       |       |       |   114 |       |       |       ||   114
         Acid dragon scale |       |       |       |       |       |       |       |   216 |     4 ||   220
         Quicksilver drago |       |       |       |       |       |       |       |       |   687 ||   687
         Gold dragon scale |       |       |       |       |       |       |       |       |     2 ||     2
  Dodge: Dodged            |    27 |    73 |    82 |   234 |   411 |   884 |  1022 |  1597 |  2783 ||  7113
  Block: Kite shield       |    34 |    68 |   113 |   265 |   212 |       |       |       |       ||   692
         Other             |       |       |       |       |       |   179 |   226 |    50 |       ||   455
